 Dungeon Crawl Stone Soup version 0.20.1-1-g8b1a95d (webtiles) character file.

259 slep the Conjurer (level 5, -3/39 HPs)
             Began as a Demonspawn Wanderer on Oct 22, 2017.
             Was an Initiate of Trog.
             Killed by divine providence
             ... invoked by a smoke demon
             ... created by the fury of Makhleb
              (13 damage)
             ... on level 4 of the Dungeon.
             The game lasted 00:20:39 (2492 turns).

slep the Conjurer (Demonspawn Wanderer)             Turns: 2492, Time: 00:20:39

Health: -3/39      AC:  5    Str: 11    XL:     5   Next: 95%
Magic:  6/6        EV: 11    Int: 12    God:    Trog [......]
Gold:   240        SH:  0    Dex: 14    Spells: 5/6 levels left

rFire    . . .     SeeInvis .   a - +2 hand crossbow
rCold    . . .     Gourm    .   (no shield)
rNeg     . . .     Faith    .   w - +0 leather armour
rPois    .         Spirit   .   (no helmet)
rElec    .         Reflect  .   (no cloak)
rCorr    .         Harm     .   (no gloves)
MR       .....                  (no boots)
Stlth    ++........             (no amulet)
Regen    0.2/turn               v - ring of wizardry
MPRegen  0.1/turn               x - -2 ring of intelligence (curse)

@: no status effects
A: icy blue scales 1, powered by pain 1
a: Burn Spellbooks, Renounce Religion


You were on level 4 of the Dungeon.
You worshipped Trog.
Trog was noncommittal.
You were not hungry.

You visited 1 branch of the dungeon, and saw 4 of its levels.

You collected 240 gold pieces.

Inventory:

Hand Weapons
 a - a +2 hand crossbow (weapon)
 n - a +1 dagger of venom
Missiles
 b - 20 bolts (quivered)
Armour
 e - a +0 robe
 w - a +0 leather armour (worn)
Jewellery
 v - a ring of wizardry (left hand)
 x - a cursed -2 ring of intelligence (right hand)
Scrolls
 d - 8 scrolls of teleportation
 k - a scroll of recharging {unknown}
 o - 5 scrolls of identify {unknown}
 p - a scroll of immolation {unknown}
 q - 2 scrolls of blinking {unknown}
 s - a scroll of fear {unknown}
 t - a scroll of fog {unknown}
Potions
 g - 3 potions of curing
 i - a potion of lignification {unknown}
 j - a potion of cancellation {unknown}
 l - a potion of brilliance {unknown}
 r - a potion of flight
 A - a potion of mutation {unknown}
Books
 c - the Catalogue of Poison

   Spells                             Type                      Level
   a - Sting                          Conjuration/Poison           1
   b - Ignite Poison                  Fire/Transmutation/Poison    3
   Trog disapproves of the use of such an item.
Comestibles
 f - 4 bread rations
 h - 3 royal jellies
 m - a chunk of flesh
 u - 3 fruits
 z - a meat ration


   Skills:
 + Level 2.4 Fighting
 + Level 0.6 Short Blades
 + Level 3.8 Crossbows
 + Level 1.3 Armour
 + Level 0.8 Dodging
 + Level 1.5 Stealth
 + Level 0.6 Unarmed Combat
 - Level 1.1 Spellcasting
 - Level 4.4 Conjurations
   Level 1.0 Evocations


You had 5 spell levels left.
You knew the following spells:

 Your Spells              Type           Power        Failure   Level  Hunger
a - Sting                 Conj/Pois      #...         6%          1    ##.....


Dungeon Overview and Level Annotations

Branches:
Dungeon (4/15)
 Temple: D:4-7

Altars:
Makhleb
Trog


Innate Abilities, Weirdness & Mutations

You are partially covered in icy blue scales. (AC +2)
You sometimes gain a little power by taking damage.


Message History

Aim: a smoke demon (lightly wounded, durably summoned)
You shoot a bolt. The bolt hits the smoke demon!
The smoke demon is moderately wounded.
Firing (i - inventory):
b - 22 bolts (quivered)
Press: ? - help, Shift-Dir - straight line, f/p - smoke demon
Aim: a smoke demon (moderately wounded, durably summoned)
You shoot a bolt.
The bolt closely misses the smoke demon.
The smoke demon misses you. The smoke demon hits you.
* * * LOW HITPOINT WARNING * * *
The smoke demon hits you but does no damage.
Firing (i - inventory):
b - 21 bolts (quivered)
Press: ? - help, Shift-Dir - straight line, f/p - smoke demon
Aim: a smoke demon (moderately wounded, durably summoned)
You shoot a bolt.
The bolt hits the smoke demon but does no damage.
The smoke demon is moderately wounded.
The smoke demon gestures at you. Makhleb smites you!
You die...

#.# #.# #.###.#######.# #.#
#.# #.# #.# #.# #.# #.# #.#
#.# #.# #.# #.# #.# #.# #.#
#.# #.# #######.###.# #.. #.#
#.# #......#..#.# ### #.# #.#
#.#####.#(#.#
#.###.####.#####.....#########
#.#..........@........[......#
#....####.....3.##...........#
#........(.....(###.#####.#..#
##...####.......# #.# #.....
##.## #.......# #.# ###..# #.#
###..##.### #.# ##..# #.#
#...)##.#####.######...# #.#
#.#.###..............#.#
#.##.... #..####.....##...#


You could see a smoke demon.

Vanquished Creatures
  A ynoxinul (D:4)
  A centaur skeleton (D:4)
  An orc priest (D:3)
  2 orc wizards
  An iguana (D:4)
  A hound skeleton (D:4)
  A gnoll (D:1)
  A worm (D:3)
  A dart slug (D:1)
  2 leopard geckos
  12 orcs
  4 bats
  5 giant cockroaches
  3 hobgoblins
  10 jackals
  2 ball pythons
  7 frilled lizards
  7 goblins
  7 kobolds
  7 rats
76 creatures vanquished.

Notes
Turn   | Place    | Note
-------+----------+-------------------------------------------
     0 | D:1      | slep the Demonspawn Wanderer began the quest for the Orb.
     0 | D:1      | slep set off with: a +2 hand crossbow, 22 bolts, the Catalogue of Poison, a scroll of teleportation, a +0 robe, a bread ration
     0 | D:1      | Reached XP level 1. HP: 15/15 MP: 2/2
     2 | D:1      | Learned a level 1 spell: Sting
    87 | D:1      | Gained mutation: You sometimes gain a little power by taking damage. [demonic ancestry]
    87 | D:1      | Reached XP level 2. HP: 17/21 MP: 3/3
   152 | D:1      | Reached XP level 3. HP: 24/26 MP: 4/4
   802 | D:2      | Found a faded altar of an unknown god.
   804 | D:2      | Became a worshipper of Makhleb the Destroyer
   804 | D:2      | Reached * piety under Makhleb
  1302 | D:3      | Reached XP level 4. HP: 33/33 MP: 5/5
  1697 | D:3      | Found a bloodstained altar of Trog.
  1711 | D:3      | Fell from the grace of Makhleb
  1711 | D:3      | Became a worshipper of Trog the Wrathful
  1836 | D:4      | Gained mutation: You are partially covered in icy blue scales. (AC +2) [demonic ancestry]
  1836 | D:4      | Reached XP level 5. HP: 28/38 MP: 6/6
  2346 | D:4      | Noticed a ynoxinul
  2387 | D:4      | Killed a ynoxinul
  2408 | D:4      | HP: 1/39 [centaur skeleton (3)]
  2489 | D:4      | Noticed a smoke demon
  2492 | D:4      | Killed from afar by a smoke demon

Skill      XL: |  1  2  3  4  5 |
---------------+----------------+-----
Crossbows      | 2 3 |  3.8
Fighting       | 2 |  2.4
Short Blades   | |  0.6
Armour         | |  1.3
Dodging        | |  0.8
Stealth        | |  1.5
Unarmed Combat | |  0.6
Spellcasting   | |  1.1
Conjurations   | |  4.4
Evocations     | |  1.0

Action                   |  1- 3 |  4- 6 || total
-------------------------+-------+-------++-------
Melee: Unarmed           |    44 |       ||    44
       Punch             |     1 |       ||     1
       Dagger            |       |    84 ||    84
 Fire: Hand crossbow     |    81 |    52 ||   133
  Use: Potion            |       |     3 ||     3
 Stab: Sleeping          |     1 |     1 ||     2
  Eat: Chunk             |     1 |     4 ||     5
Armor: Robe              |    19 |     5 ||    24
       Leather armour    |       |    23 ||    23
Dodge: Dodged            |    44 |   107 ||   151
